AoeStats
← CATOZ

Nomad

514335644Analyzed
1v1 RM · 3d ago on Oct 17, 2026· 57m 25s· 2 players
Game mode
Random Map
Map size
126×126
Population
200
Speed
Normal
Resources
Standard
Victory
Conquest
Starting age
Dark Age
Ending age
Imperial Age
RankedLock teamsTeams togetherTeam positionsShared explorationLock speedFull tech treeHidden civsTurbo modeCheats
Victory
Defeat
🇵🇪 Huns · Peru
671
+14
vs
🇺🇸 Byzantines · United States
625
-14
Deltoid
3:15 Loom
14:15 Feudal Age
18:30 Double-Bit Axe
25:12 Castle Age
24:41 Gold Mining
26:10 Fishing Lines
26:17 Pikeman
31:20 Medium Warships
33:35 Fletching
45:33 Bow Saw
49:20 Imperial Age
50:29 Wheelbarrow
49:46 Demolition Ship
53:44 Man-at-Arms
54:38 Capped Ram
CATOZ
4:17 Loom
12:13 Feudal Age
17:19 Scale Barding Armor
21:14 Castle Age
20:31 Bloodlines
22:31 Squires
27:35 Wheelbarrow
28:36 Pikeman
34:37 Forging
34:36 Town Watch
37:52 Iron Casting
37:18 Scale Mail Armor
42:06 Gold Mining
45:29 Town Patrol
46:11 Fletching
46:23 Padded Archer Armor
46:32 Crossbowman
48:18 Hand Cart
51:03 Husbandry
51:32 Bodkin Arrow
56:00 Imperial Age
55:07 Ballistics
Connection lost

Rejoining the realm…

Still unreachable

The connection could not be restored.

Session expired

The server has moved on; the page needs a fresh start.